 Dungeon Crawl Stone Soup version 0.23-a0-344-ge122d05652 (webtiles) character file.

122 Leibowitz the Shield-Bearer (level 4, 0/40 HPs)
             Began as a Minotaur Fighter on Oct 19, 2018.
             Was a Follower of Uskayaw.
             Slain by Crazy Yiuf
             ... wielding a +4 quarterstaff of chaos
              (2 damage)
             ... on level 2 of the Dungeon.
             The game lasted 00:04:14 (1423 turns).

Leibowitz the Shield-Bearer (Minotaur Fighter)      Turns: 1423, Time: 00:04:14

Health: 0/40       AC:  7    Str: 21    XL:     4   Next: 78%
Magic:  3/3        EV:  2    Int:  5    God:    Uskayaw [*.....]
Gold:   91         SH:  0    Dex: 10    Spells: 3/3 levels left

rFire    . . .     SeeInvis .   a - +0 war axe
rCold    . . .     Gourm    .   c - +0 shield
rNeg     + + +     Faith    .   b - +0 scale mail
rPois    ∞         Spirit   .   (helmet restricted)
rElec    .         Reflect  .   (no cloak)
rCorr    +         Harm     .   (no gloves)
MR       .....                  (no boots)
Stlth    ..........             (no amulet)
HPRegen  0.13/turn              e - ring of resist corrosion
MPRegen  0.08/turn              (no ring)

@: petrified, very slightly contaminated, slowed, invisible
A: retaliatory headbutt, horns 2
a: Stomp, Renounce Religion


You were on level 2 of the Dungeon.
You worshipped Uskayaw.
Uskayaw was noncommittal.
You were not hungry.

You visited 1 branch of the dungeon, and saw 2 of its levels.

You collected 91 gold pieces.

Inventory:

Hand Weapons
 a - a +0 war axe (weapon)
Missiles
 i - 4 poisoned tomahawks (quivered)
Armour
 b - a +0 scale mail (worn)
 c - a +0 shield (worn)
Jewellery
 e - a ring of resist corrosion (left hand)
 j - an uncursed ring of teleportation
Scrolls
 g - 2 scrolls of identify
 h - 2 scrolls of remove curse
 l - a scroll of magic mapping {unknown}
 m - a scroll of amnesia
 n - a scroll of blinking {unknown}
Potions
 d - 2 potions of might
 k - a potion of haste {unknown}
Comestibles
 f - 2 rations


   Skills:
 + Level 4.1 Fighting
 + Level 3.9 Axes
 + Level 0.1 Throwing
 + Level 4.3 Armour
 + Level 0.7 Dodging
 + Level 4.8 Shields


You had 3 spell levels left.
You didn't know any spells.
Your spell library was empty.

Dungeon Overview and Level Annotations

Branches:
Dungeon (2/15)

Altars:
Gozag
Uskayaw

Annotations:
D:2 Crazy Yiuf


Innate Abilities, Weirdness & Mutations

You reflexively headbutt those who attack you in melee.
You have a pair of horns on your head.


Message History

Your limbs are stiffening.
You can now pass through a line of other dancers.
You barely miss Crazy Yiuf.
Crazy Yiuf is severely wounded.
Crazy Yiuf looks more healthy.
Crazy Yiuf flaps his cloak.
Crazy Yiuf hits you but does no damage.
You fade into invisibility!
You are very lightly contaminated with residual magic.
Crazy Yiuf barely misses you. x2; You have turned to stone.
Crazy Yiuf hits you with a +4 quarterstaff of chaos!
* * * LOW HITPOINT WARNING * * *
Crazy Yiuf burns you.
Crazy Yiuf hits you with a +4 quarterstaff of chaos!
* * * LOW HITPOINT WARNING * * *
Crazy Yiuf burns you.
* * * LOW HITPOINT WARNING * * *
You can no longer pass through a line of other dancers.
Crazy Yiuf hits you with a +4 quarterstaff of chaos.
You die...

###.####.#
#.# #.##
#.....####
### #.#
###.....#
#.#
#.......#
##### #.#
#<#..)..#
#)(.# #.#
#(#.....#
#.(.#
#####.######
#.#######
...
#.....##....
#.# #g#
########.###
#÷## ♣@♣♣
#.#
###..######
♣♣.♣ #.#
#.........#
♣.♣♣ #.#
#^##.#....#
♣♣.♣
########.#
##.##.#.##†#
♣♣.♣♣
#........#
...##.#.##.#
♣♣...♣
##########
#####.#.####
♣....♣ ###
#.#.# #....#
..# #.#.#
###....#


You could see Crazy Yiuf.

Vanquished Creatures
  Terence (D:2)
  A gnoll (D:1)
  3 adders (D:2)
  A worm (D:2)
  2 dart slugs
  A leopard gecko (D:2)
  A giant cockroach (D:2)
  10 hobgoblins
  4 jackals (D:1)
  5 kobolds
  A quokka (D:2)
  2 ball pythons
  8 bats (D:1)
  4 frilled lizards
  2 goblins (D:1)
  5 rats
51 creatures vanquished.

Notes
Turn   | Place    | Note
-------+----------+-------------------------------------------
     0 | D:1      | Leibowitz the Minotaur Fighter began the quest for the Orb.
     0 | D:1      | Reached XP level 1. HP: 19/19 MP: 0/0
    70 | D:1      | Reached XP level 2. HP: 26/27 MP: 1/1
   169 | D:1      | Reached XP level 3. HP: 31/33 MP: 2/2
   641 | D:2      | Found an opulent altar of Gozag.
   648 | D:2      | Found a hide-covered altar of Uskayaw.
   651 | D:2      | Noticed a hand axe
   651 | D:2      | Noticed a hand axe
   660 | D:2      | Reached XP level 4. HP: 40/40 MP: 3/3
   664 | D:2      | Became a worshipper of Uskayaw the Reveler
   786 | D:2      | Reached * piety under Uskayaw
  1143 | D:2      | Noticed Terence
  1156 | D:2      | Killed Terence
  1409 | D:2      | Found a runed door.
  1413 | D:2      | Noticed Crazy Yiuf
  1418 | D:2      | Reached ** piety under Uskayaw
  1422 | D:2      | HP: 2/40 [Crazy Yiuf/+4 quarterstaff of chaos (2)]
  1423 | D:2      | Slain by Crazy Yiuf

Vault maps used:
D:1:      saegor_arrival_simple_b
D:2:      lemuel_crystal_altar, lemuel_coloured_pillars_altar,
          dancing_weapons_uskayaw, uniq_terence, uniq_crazy_yiuf_cottage

Skill      XL: |  1  2  3 |
---------------+----------+-----
Shields        | 4 |  4.8
Axes           | 3 |  3.9
Armour         | 4 |  4.3
Fighting       | 4 |  4.1
Throwing       | |  0.1
Dodging        | |  0.7

Action                   |  1- 3 |  4- 6 || total
-------------------------+-------+-------++-------
Melee: War axe           |    79 |    30 ||   109
       Headbutt          |     8 |     8 ||    16
Throw: Tomahawk          |       |     6 ||     6
  Use: Scroll            |     2 |     4 ||     6
  Eat: Chunk             |       |     2 ||     2
Armor: Scale mail        |    44 |    14 ||    58
Dodge: Dodged            |    31 |    11 ||    42
Block: Shield            |    52 |    15 ||    67

Table legend:
 A = Non-vault XP
 B = Vault XP
 C = Vault XP percentage of total XP
 D = Non-vault monster count
 E = Vault monster count
 F = Vault count percentage of total count
                 A         B        C        D         E       F
            +---------+---------+-------+---------+---------+-------
      Total |     137 |      38 |  21.7 |      50 |       1 |   2.0
            +---------+---------+-------+---------+---------+-------
        D:1 |      62 |       0 |   0.0 |      30 |       0 |   0.0
        D:2 |      75 |      38 |  33.6 |      20 |       1 |   4.8
            +---------+---------+-------+---------+---------+-------
